 Dungeon Crawl Stone Soup version 0.27-a0-419-g7a85846853 (webtiles) character file.

Game seed: 8325707412614636784

9 Chiseanne the Skirmisher (level 2, 24/24 HPs)
             Began as a Demonspawn Wanderer on Feb 26, 2021.
             Quit the game on level 1 of the Dungeon.
             The game lasted 00:00:43 (407 turns).

Chiseanne the Skirmisher (Demonspawn Wanderer)       Turns: 407, Time: 00:00:44

Health: 24/24      AC:  7    Str: 13    XL:     2   Next: 3%
Magic:  2/2        EV:  9    Int: 12    God:
Gold:   22         SH:  0    Dex: 12    Spells: 1/1 levels left

rFire    . . .     SeeInvis .   a - +2 quarterstaff
rCold    . . .     Faith    .   (shield currently unavailable)
rNeg     . . .     Spirit   .   g - +0 scale mail
rPois    .         Reflect  .   (no helmet)
rElec    .         Harm     .   (no cloak)
rCorr    .         Rampage  .   i - +0 pair of gloves
Will     .....                  (no boots)
Stlth    ..........             (no amulet)
HPRegen  0.08/turn              (no ring)
MPRegen  0.08/turn              (no ring)

@: no status effects
A: hooves 1
a: no special abilities


You were on level 1 of the Dungeon.
You visited 1 branch of the dungeon, and saw 1 of its levels.

You collected 22 gold pieces.

Inventory:

Hand Weapons
 a - a +2 quarterstaff (weapon)
 b - a +0 hand axe
Missiles
 d - 7 boomerangs
 f - 50 stones (quivered)
Armour
 c - a +0 kite shield
 g - a +0 scale mail (worn)
 i - a +0 pair of gloves (worn)
Jewellery
 k - a ring of protection from fire
Scrolls
 h - a scroll of identify {unknown}
Potions
 e - 2 potions of curing {unknown}
 j - a potion of degeneration {unknown}


   Skills:
 * Level 3.2 Fighting
 - Level 1.0 Axes
 - Level 1.7 Staves
 * Level 1.1 Armour
 * Level 0.8 Dodging
 - Level 1.0 Stealth
 - Level 1.0 Shields
 - Level 1.0 Evocations


You had one spell level left.
You didn't know any spells.
Your spell library was empty.

Dungeon Overview and Level Annotations

Branches:
Dungeon (1/15)

Altars:


Innate Abilities, Weirdness & Mutations

You have large cloven feet.


Message History

No target in view!
No target in view!
No target in view!
No target in view!
No target in view!
No target in view!
No target in view!
No target in view!
No target in view!
No target in view!
You see here a +0 pair of gloves.
i - a +0 pair of gloves You start putting on your armour.
You continue putting on your +0 pair of gloves. x4
You finish putting on your +0 pair of gloves.
Found a dagger.
Found a hand axe.
A kobold comes into view. It is wielding a +0 dagger.
The kobold shouts!
A kobold is nearby!
A kobold is nearby!
You sock the kobold!
You kill the kobold!
No target in view!
Things that are here:
a +0 dagger; a kobold corpse You see here a +0 hand axe.
j - an amethyst potion
k - a ring of protection from fire
f - 50 stones (gained 12)
A kobold comes into view. It is wielding a +0 dagger.
The kobold shouts!
The kobold hits you but does no damage.
You hit the kobold.
You kill the kobold!
You have reached level 2!
Your demonic ancestry asserts itself...
Your feet thicken and deform.
Unknown command.
Are you sure you want to abandon this character and quit the game? (Confirm with "yes".)

.# ........# .#
###... ≈##.....####
.# ###.....
#≈≈###....... #
#....... #≈≈≈≈...#.##
##......#
≈≈≈≈≈##.###.#
........≈ ≈≈≈#≈≈#.#
##. ........#
≈≈≈≈≈≈#.###.# #
#......)##
≈≈#≈≈#..#.## ##.#
#@.# ≈≈ #..#.## ....
#.##..#≈# ###..#.###
###.
#.#.....##≈#.........
#.#..............)###
###.#.####..######..#
..#.#...............#
#
#.#.#.####..###.##.##
###.# #.#.#.#
#..###.##.# #.#.#
#.#.#.# #.........#


There were no monsters in sight!

Vanquished Creatures
  A goblin (D:1)
  A hobgoblin (D:1)
  2 bats (D:1)
  A frilled lizard (D:1)
  3 kobolds (D:1)
  A rat (D:1)
9 creatures vanquished.

Notes
Turn   | Place    | Note
-------+----------+-------------------------------------------
     0 | D:1      | Chiseanne the Demonspawn Wanderer began the quest for the
                  | Orb.
     0 | D:1      | Chiseanne set off with the following items: a +2
                  | quarterstaff, a +0 hand axe, a +0 kite shield, a +0 robe
     0 | D:1      | Reached XP level 1. HP: 18/18 MP: 1/1
   407 | D:1      | Gained mutation: You have large cloven feet. [demonic
                  | ancestry]
   407 | D:1      | Reached XP level 2. HP: 24/24 MP: 2/2
   407 | D:1      | Quit the game

Illustrated notes

Levels and vault maps discovered:
D:1:      saegor_arrival_simple_d, layout_loops_ring, minivault_4, st_stairs_9

Action                   || total
-------------------------++-------
Melee: Quarterstaff      ||    13
Armor: Robe              ||     3
       Scale mail        ||     2
Dodge: Dodged            ||    10

Table legend: (Time is in decaauts)
 A = Elapsed time spent in this place.
 B = Non-inter-level travel time spent in this place.
 C = Inter-level travel time spent in this place.
 D = Time resting spent in this place.
 E = Time spent auto-exploring this place.
 F = Levels seen in this place.
 G = Mean time per level.
                   A        B        C        D        E       F      G
               +--------+--------+--------+--------+--------+-----+--------+
         Total |    410 |    410 |      0 |    106 |    235 |   1 |  410.0 |
       Dungeon |    410 |    410 |      0 |    106 |    235 |   1 |  410.0 |
               +--------+--------+--------+--------+--------+-----+--------+

Top non-repeatable levels by time:
     D:1: 410 daAuts
